AoeStats
← marius.zwei91

Hideout

508974731Analyzed
1v1 RM · 8d ago on Sep 24, 2026· 39m 13s· 2 players
Game mode
Random Map
Map size
Tiny (2 player)
Population
200
Speed
Normal
Resources
Standard
Victory
Conquest
Starting age
Dark Age
Ending age
Imperial Age
RankedLock teamsTeams togetherTeam positionsShared explorationLock speedFull tech treeHidden civsTurbo modeCheats
Victory
Defeat
🇵🇹 Celts · Portugal
714
+18
🇩🇪 Vietnamese · Germany
755
-18
Vlad O Várvaro
10:08 Feudal Age
11:33 Double-Bit Axe
12:08 Horse Collar
12:38 Man-at-Arms
14:42 Forging
16:00 Wheelbarrow
15:26 Arson
18:47 Scale Mail Armor
23:15 Castle Age
21:18 Gold Mining
21:56 Stone Mining
24:27 Bow Saw
24:22 Heavy Plow
24:56 Long Swordsman
25:24 Gambesons
26:20 Iron Casting
26:02 Chain Mail Armor
27:12 Stone Shaft Mining
27:17 Gold Shaft Mining
30:46 Hand Cart
31:46 Pikeman
36:12 Imperial Age
34:36 Ballistics
37:16 Conscription
38:07 Blast Furnace
38:23 Chemistry
36:47 Heavy Scorpion
39:27 Plate Mail Armor
marius.zwei91
8:10 Loom
11:09 Feudal Age
15:24 Castle Age
16:34 Fletching
23:14 Crossbowman
26:01 Padded Archer Armor
30:20 Forging
30:16 Scale Barding Armor
Connection lost

Rejoining the realm…

Still unreachable

The connection could not be restored.

Session expired

The server has moved on; the page needs a fresh start.